 Dungeon Crawl Stone Soup version 0.30-a0-241-g1121274140 (webtiles) character file.

Game seed: 5965084467313136280

561 gzilladon the Shield-Bearer (level 7, -1/60 HPs)
             Began as a Gnoll Fighter on Oct 7, 2022.
             Slain by a lemure (7 damage)
             ... led by Pikel
             ... on level 3 of the Dungeon on Oct 10, 2022.
             The game lasted 00:13:17 (3859 turns).

gzilladon the Shield-Bearer (Gnoll Fighter)         Turns: 3859, Time: 00:13:19

Health: -1/60      AC: 15    Str: 18    XL:     7   Next: 31%
Magic:  10/10      EV:  8    Int:  7    God:
Gold:   264        SH:  5    Dex: 11    Spells: 11/11 levels left

rFire   . . .      SeeInvis .    a - +0 war axe
rCold   . . .      Faith    .    c - +0 buckler
rNeg    . . .      Spirit   .    A - +0 chain mail
rPois   .          Reflect  .    l - +2 helmet
rElec   .          Harm     .    h - scarf {+Inv}
rCorr   .          Rampage  .    x - +0 pair of gloves
Will    .....                    (no boots)
Stlth   ..........               (no amulet)
HPRegen 0.30/turn                (no ring)
MPRegen 0.12/turn                (no ring)

@: mighty
A: fangs 1, strong nose, distributed training
a: Evoke Invisibility


You were on level 3 of the Dungeon.
You visited 1 branch of the dungeon, and saw 4 of its levels.

You collected 264 gold pieces.

Inventory:

Hand Weapons
 a - a +0 war axe (weapon)
 z - a +3 halberd
Missiles
 m - 89 stones (quivered)
 n - 4 atropa-tipped darts
 E - a throwing net
 F - 6 poisoned darts
Armour
 b - a +0 scale mail
 c - a +0 buckler (worn)
 h - a scarf of invisibility (worn)
 l - a +2 helmet (worn)
 o - an orb of wrath
 x - a +0 pair of gloves (worn)
 A - a +0 chain mail (worn)
Jewellery
 B - a +4 ring of protection
 C - an amulet of magic regeneration
Scrolls
 i - 3 scrolls of fear {unknown}
 k - 4 scrolls of identify {unknown}
 p - 2 scrolls of blinking {unknown}
 q - a scroll of butterflies {unknown}
 r - a scroll of enchant weapon {unknown}
 t - a scroll of teleportation {unknown}
 u - a scroll of vulnerability {unknown}
 y - 2 scrolls of immolation {unknown}
 D - a scroll of poison {unknown}
Potions
 e - a potion of berserk rage {unknown}
 f - a potion of heal wounds {unknown}
 g - a potion of degeneration {unknown}
 j - 2 potions of lignification {unknown}
 s - 2 potions of mutation {unknown}
 v - 2 potions of curing {unknown}
 w - a potion of ambrosia {unknown}


   Skills:
 + Level 7.0 Fighting
 + Level 2.5 Short Blades
 + Level 2.5 Long Blades
 + Level 5.2 Axes
 + Level 2.5 Maces & Flails
 + Level 2.5 Polearms
 + Level 2.5 Staves
 + Level 2.5 Ranged Weapons
 + Level 2.5 Throwing
 + Level 7.0 Armour
 + Level 2.5 Dodging
 + Level 2.5 Stealth
 + Level 7.0 Shields
 + Level 2.5 Unarmed Combat
 + Level 2.5 Spellcasting
 + Level 2.0 Conjurations
 + Level 2.0 Hexes
 + Level 2.0 Summonings
 + Level 2.0 Necromancy
 + Level 2.0 Translocations
 + Level 2.0 Transmutations
 + Level 2.0 Fire Magic
 + Level 2.0 Ice Magic
 + Level 2.0 Air Magic
 + Level 2.0 Earth Magic
 + Level 2.0 Poison Magic
 + Level 2.8 Invocations
 + Level 2.5 Evocations


You had 11 spell levels left.
You didn't know any spells.
Your spell library contained the following spells:

 Spells                   Type           Power      Damage    Failure   Level
 Static Discharge         Conj/Air       6%         2-3/arc   97%         2
 Vhi's Electric Charge    Tloc/Air       6%         N/A       99%         3
 Arcjolt                  Conj/Air       1%         1d11      100%        5
 Lightning Bolt           Conj/Air       1%         1d12      100%        5
 Yara's Violent Unravell  Hex/Tmut       1%         3d3       100%        5
 Enfeeble                 Hex            1%         N/A       100%        7


Dungeon Overview and Level Annotations

Branches:
Dungeon (4/15)
 Temple: D:4-7

Altars:
Cheibriados
Trog

Annotations:
D:3 Pikel
D:4 1 transporter


Innate Abilities, Weirdness & Mutations

You have very sharp teeth.
Your uncanny sense of smell can sniff out nearby items.
Your experience applies equally to all skills.


Message History

You hit Pikel but do no damage.
Pikel is lightly wounded.
You hit the lemure. You hit the lemure but do no damage.
You completely miss the lemure.
Pikel hits you with a +2 whip of flaming.
Pikel burns you. The lemure hits you. The lemure closely misses you.
You completely miss Pikel.
Pikel is lightly wounded.
You slash the lemure! You closely miss the lemure. x2
Pikel hits you but does no damage.
The lemure hits you but does no damage. x2
You block the lemure's attack. The lemure completely misses you.
The lemure hits you but does no damage.
Pikel says, "Hell isn't that bad."
Pikel hits you with a +2 whip of flaming!
Pikel burns you.
* * * LOW HITPOINT WARNING * * *
The lemure hits you but does no damage.
You feel very mighty all of a sudden. Pikel barely misses you.
The lemure hits you but does no damage. You block the lemure's attack.
The lemure closely misses you.
You slash Pikel! Your bite misses Pikel.
Pikel is moderately wounded.
You slash the lemure! You barely miss the lemure. You miss the lemure.
The lemure hits you.
* * * LOW HITPOINT WARNING * * *
The lemure hits you but does no damage. Pikel hits you but does no damage.
The lemure hits you but does no damage.
You hit Pikel.
Pikel is heavily wounded.
You hit the lemure. x2; You miss the lemure.
You block Pikel's attack. The lemure hits you but does no damage.
The lemure hits you!
* * * LOW HITPOINT WARNING * * *
The lemure hits you but does no damage.
You miss Pikel.
Pikel is heavily wounded.
You slash the lemure! You hit the lemure but do no damage.
You closely miss the lemure. Pikel barely misses you.
The lemure hits you but does no damage. The lemure misses you.
The lemure hits you!
You die...

#'#'#P.## #.....
#...†...#####.....
#..†#P............
#...#.......<.....
#####..##....#####
##................
#.....##.........#
#55....).........#
#@55..............
##K...##..........
#....############.
##....# #########.
#.....# #......##.
#.....####......###
#...............#
#.......†.......#
#........#.#....#


You could see Pikel, 3 lemures and an ufetubus.

Vanquished Creatures
  Sigmund (D:3)
  A lemure (D:3)
  2 scorpions
  2 hounds (D:3)
  A jelly (D:4)
  An orc wizard (D:3)
  4 adders
  A gnoll (D:3)
  An ufetubus (D:4)
  4 worms
  3 dart slugs
  5 orcs
  8 bats
  9 endoplasms
  A giant cockroach (D:1)
  13 goblins
  13 hobgoblins
  3 quokkas
  9 ball pythons
  3 frilled lizards
  11 kobolds
  5 rats
101 creatures vanquished.

Notes
Turn   | Place    | Note
-------+----------+-------------------------------------------
     0 | D:1      | gzilladon the Gnoll Fighter began the quest for the Orb.
     0 | D:1      | Reached XP level 1. HP: 23/23 MP: 1/1
   521 | D:1      | Reached XP level 2. HP: 29/29 MP: 2/2
   943 | D:1      | Reached XP level 3. HP: 35/35 MP: 3/3
  1178 | D:2      | Reached skill level 1 in Invocations
  1233 | D:2      | Reached skill level 1 in Short Blades
  1233 | D:2      | Reached skill level 1 in Long Blades
  1233 | D:2      | Reached skill level 1 in Maces & Flails
  1233 | D:2      | Reached skill level 1 in Polearms
  1233 | D:2      | Reached skill level 1 in Staves
  1233 | D:2      | Reached skill level 1 in Ranged Weapons
  1233 | D:2      | Reached skill level 1 in Throwing
  1233 | D:2      | Reached skill level 1 in Dodging
  1233 | D:2      | Reached skill level 1 in Stealth
  1233 | D:2      | Reached skill level 1 in Unarmed Combat
  1233 | D:2      | Reached skill level 1 in Spellcasting
  1233 | D:2      | Reached skill level 1 in Evocations
  1321 | D:2      | Reached XP level 4. HP: 39/41 MP: 5/5
  1634 | D:2      | Reached skill level 1 in Conjurations
  1634 | D:2      | Reached skill level 1 in Hexes
  1634 | D:2      | Reached skill level 1 in Summonings
  1634 | D:2      | Reached skill level 1 in Necromancy
  1634 | D:2      | Reached skill level 1 in Translocations
  1634 | D:2      | Reached skill level 1 in Transmutations
  1634 | D:2      | Reached skill level 1 in Fire Magic
  1634 | D:2      | Reached skill level 1 in Ice Magic
  1634 | D:2      | Reached skill level 1 in Air Magic
  1634 | D:2      | Reached skill level 1 in Earth Magic
  1634 | D:2      | Reached skill level 1 in Poison Magic
  2033 | D:3      | Noticed Sigmund
  2034 | D:3      | Noticed a scorpion
  2045 | D:3      | Killed a scorpion
  2046 | D:3      | Reached XP level 5. HP: 32/47 MP: 5/7
  2048 | D:3      | Killed Sigmund
  2049 | D:3      | Reached skill level 5 in Axes
  2049 | D:3      | Reached XP level 6. HP: 37/53 MP: 5/9
  2914 | D:3      | Reached XP level 7. HP: 56/60 MP: 10/10
  3437 | D:4      | Upgraded the game from 0.30-a0-219-gf2db51d15e to
                  | 0.30-a0-241-g1121274140
  3441 | D:4      | Found a snail-covered altar of Cheibriados.
  3644 | D:4      | Found a bloodstained altar of Trog.
  3768 | D:4      | Found a transporter.
  3807 | D:4      | Noticed Pikel
  3859 | D:3      | Slain by a lemure

Illustrated notes

Levels and vault maps discovered:
D:1:      lemuel_arrival_room, layout_loops_ring
D:2:      layout_basic, chequers_ecumenical_altar_grove, nicolae_eternal_life,
          minmay_goblin_kobold_house
D:3:      minmay_recursive_quarters, layout_basic, serial_glass,
          glass_columns_b, glass_columns_a, glass_columns_b, glass_columns_a,
          cheibrodos_gnoll_hut, uniq_sigmund
D:4:      gammafunk_cloud_chamber, layout_cave_pools,
          mainiacjoe_overflow_tiny_flanked, trog_hazing_becter,
          minmay_crystal_water, nicolae_figureground_sparkle, uniq_pikel

Skill      XL: |  1  2  3  4  5  6  7 |
---------------+----------------------+-----
Invocations    | 1 2 |  2.8
Short Blades   | 1 2 |  2.5
Long Blades    | 1 2 |  2.5
Maces & Flails | 1 2 |  2.5
Polearms       | 1 2 |  2.5
Staves         | 1 2 |  2.5
Ranged Weapons | 1 2 |  2.5
Throwing       | 1 2 |  2.5
Dodging        | 1 2 |  2.5
Stealth        | 1 2 |  2.5
Unarmed Combat | 1 2 |  2.5
Spellcasting   | 1 2 |  2.5
Evocations     | 1 2 |  2.5
Conjurations   | 1 2 |  2.0
Hexes          | 1 2 |  2.0
Summonings     | 1 2 |  2.0
Necromancy     | 1 2 |  2.0
Translocations | 1 2 |  2.0
Transmutations | 1 2 |  2.0
Fire Magic     | 1 2 |  2.0
Ice Magic      | 1 2 |  2.0
Air Magic      | 1 2 |  2.0
Earth Magic    | 1 2 |  2.0
Poison Magic   | 1 2 |  2.0
Axes           | 5 |  5.2
Fighting       | 7 |  7.0
Armour         | 7 |  7.0
Shields        | 7 |  7.0

Action                   |  1- 3 |  4- 6 |  7- 9 || total
-------------------------+-------+-------+-------++-------
Melee: War axe           |    91 |   155 |    86 ||   332
       Bite              |     1 |    17 |    10 ||    28
  Use: Potion            |       |       |     1 ||     1
Armor: Scale mail        |    49 |    67 |       ||   116
       Chain mail        |       |       |    71 ||    71
Dodge: Dodged            |    46 |    84 |    45 ||   175
Block: Buckler           |    28 |    40 |    34 ||   102

Table legend: (Time is in decaauts)
 A = Elapsed time spent in this place.
 B = Non-inter-level travel time spent in this place.
 C = Inter-level travel time spent in this place.
 D = Time resting spent in this place.
 E = Time spent auto-exploring this place.
 F = Levels seen in this place.
 G = Mean time per level.
                   A        B        C        D        E       F      G
               +--------+--------+--------+--------+--------+-----+--------+
         Total |   3958 |   3354 |    604 |    655 |      0 |   4 |  989.5 |
       Dungeon |   3958 |   3354 |    604 |    655 |      0 |   4 |  989.5 |
               +--------+--------+--------+--------+--------+-----+--------+

Top non-repeatable levels by time:
     D:3: 1209 daAuts
     D:1: 1085 daAuts
     D:2: 941 daAuts
     D:4: 722 daAuts
